 Dungeon Crawl Stone Soup version 0.30.0-20-g3b4254fcbd (webtiles) character file.

Game seed: 9315363785504868750

1159 cheesebisquit the Skirmisher (level 8, -4/57 HPs)
             Began as a Barachi Hunter on June 2, 2023.
             Was an Initiate of Cheibriados.
             Slain by an acid dragon (5 damage)
             ... on level 6 of the Dungeon.
             The game lasted 00:14:56 (7934 turns).

cheesebisquit the Skirmisher (Barachi Hunter)       Turns: 7934, Time: 00:14:57

Health: -4/57      AC:  0    Str: 14    XL:     8   Next: 39%
Magic:  8/8        EV: 12    Int: 10    God:    Cheibriados [......]
Gold:   222        SH:  0    Dex: 19    Spells: 7/7 levels left

rFire   . . .        a - +2 shortbow
rCold   . . .        (shield currently unavailable)
rNeg    . . .        c - +0 leather armour
rPois   .            x - +0 helmet
rElec   .            (no cloak)
rCorr   .            (no gloves)
SInv    .            (no boots)
Will    .....        (no amulet)
Stlth   ++           (no ring)
HPRegen 0.29/turn    (no ring)
MPRegen 0.11/turn

%: no passive effects
@: corroded, very slow
A: amphibious, slowness 1, strong legs 1, +LOS
a: Hop, Renounce Religion


You were on level 6 of the Dungeon.
You worshipped Cheibriados.
Cheibriados was noncommittal.
You visited 2 branches of the dungeon, and saw 7 of its levels.

You collected 222 gold pieces.

Inventory:

Hand Weapons
 a - a +2 shortbow (weapon)
 h - a +1 vampiric spear
 r - the +5 whip "Killer Bee's Curse" {holy, *Slow rN+ rCorr}
   (You found it on level 3 of the Dungeon)

   rN:        It protects you from negative energy.
   rCorr:     It protects you from acid and corrosion.
   *Slow:     It may slow you when you take damage.
Missiles
 m - 18 poisoned darts
 p - 2 silver boomerangs
Armour
 c - a +0 leather armour (worn)
 x - a +0 helmet (worn)
Wands
 i - a wand of roots (10)
 k - a wand of flame (18)
Scrolls
 b - 3 scrolls of immolation
 d - a scroll of brand weapon {unknown}
 f - 3 scrolls of poison
 n - a scroll of noise {unknown}
 s - a scroll of fog {unknown}
 t - 3 scrolls of teleportation {unknown}
 u - 2 scrolls of silence {unknown}
 w - a scroll of amnesia {unknown}
 y - a scroll of identify
 B - 2 scrolls of vulnerability {unknown}
 C - a scroll of acquirement {unknown}
Potions
 e - 2 potions of attraction
 j - 2 potions of resistance
 o - a potion of flight
 q - 3 potions of degeneration
 v - a potion of might {unknown}
 z - a potion of curing {unknown}
 A - a potion of haste {unknown}
 D - a potion of invisibility {unknown}
 E - 2 potions of magic {unknown}


   Skills:
 - Level 2.4 Fighting
 + Level 10.5 Ranged Weapons
 - Level 2.1 Dodging
 - Level 0.8 Stealth


You had 7 spell levels left.
You didn't know any spells.
Your spell library contained the following spells:

 Spells                   Type           Power      Damage    Failure   Level
 Foxfire                  Conj/Fire      0%         2x1d4     43%         1
 Summon Small Mammal      Summ           0%         N/A       43%         1
 Call Canine Familiar     Summ           0%         N/A       82%         3
 Ozocubu's Armour         Ice            0%         N/A       82%         3
 Summon Guardian Golem    Hex/Summ       0%         N/A       82%         3
 Animate Dead             Necr           0%         N/A       99%         4
 Fireball                 Conj/Fire      0%         3d3       100%        5
 Plasma Beam              Fire/Air       0%         2x1d11    100%        6
 Starburst                Conj/Fire      0%         6d3       100%        6
 Haunt                    Necr/Summ      0%         N/A       100%        7
 Ozocubu's Refrigeration  Ice            0%         4d7       100%        7
 Infestation              Necr           0%         N/A       100%        8


Dungeon Overview and Level Annotations

Branches:
Dungeon (6/15)             Temple (1/1) D:5

Altars:
Ashenzari
Cheibriados
Dithmenos
Fedhas
Hepliaklqana
Makhleb
Qazlal
Sif Muna
Trog
Vehumet
Wu Jian
Xom
Yredelemnul
Zin
The Shining One

Annotations:
D:4 2 transporters, mkat's ghost, amateur MfIE


Innate Abilities, Weirdness & Mutations

You are amphibious.
You cover ground slowly.
You can hop short distances.
You have an extended range of vision and can be seen from far away.


Message History

You shoot an arrow. The arrow hits the acid dragon.
The acid dragon is severely wounded.
The acid dragon spits acid at you. The splash of acid hits you!
You shoot an arrow.
The arrow closely misses the acid dragon.
The acid dragon bites you. The acid dragon closely misses you.
You shoot an arrow. The arrow hits the acid dragon.
The acid dragon is severely wounded.
The acid dragon bites you but does no damage.
The acid dragon claws you.
You shoot an arrow.
The arrow closely misses the acid dragon.
The acid dragon bites you but does no damage.
The acid dragon claws you but does no damage.
You shoot an arrow.
The arrow barely misses the acid dragon.
The acid dragon misses you. The acid dragon closely misses you.
You shoot an arrow.
The arrow hits the acid dragon but does no damage.
The acid dragon is severely wounded.
The acid dragon spits acid at you. The splash of acid hits you!!
* * * LOW HITPOINT WARNING * * *
The acid corrodes you!
You are confused.
You feel invigorated. The acid dragon barely misses you.
The acid dragon closely misses you. The acid dragon spits acid at you.
The splash of acid hits you!
* * * LOW HITPOINT WARNING * * *
You feel less invigorated.
You feel less confused. The acid dragon closely misses you.
The acid dragon barely misses you.
You shoot an arrow.
The arrow barely misses the acid dragon.
The acid dragon bites you!
* * * LOW HITPOINT WARNING * * *
The acid dragon claws you.
You die...

######## #.......
#.###### #.# #
########## #.# #
#........# #.# #
#.######.# #<# # #.
####.# ### #
#...#.D@.##########
# #...............#
# ###.###########.#
# ... #.# # ####
#.# # #.# # #.# #
#.# # #.# #


You could see an acid dragon (catching breath).

Vanquished Creatures
  Prince Ribbit (D:5)
  Sigmund (D:4)
  A water moccasin (D:3)
  An ogre (D:4)
  A centaur (D:5)
  2 scorpions (D:5)
  A howler monkey (D:6)
  A jelly (D:5)
  A hound (D:5)
  3 iguanas
  3 gnolls (D:5)
  10 adders
  An ufetubus (D:5)
  5 worms
  A dart slug (D:1)
  11 orcs
  3 bats
  10 endoplasms
  6 giant cockroaches
  11 goblins
  5 hobgoblins
  2 jackals (D:3)
  2 quokkas
  10 ball pythons
  5 frilled lizards
  7 kobolds
  7 rats
112 creatures vanquished.

Notes
Turn   | Place    | Note
-------+----------+-------------------------------------------
     0 | D:1      | cheesebisquit the Barachi Hunter began the quest for the
                  | Orb.
     0 | D:1      | Reached XP level 1. HP: 17/17 MP: 1/1
   250 | D:1      | Reached XP level 2. HP: 23/23 MP: 2/2
   734 | D:1      | Reached skill level 5 in Ranged Weapons
   734 | D:1      | Reached XP level 3. HP: 23/28 MP: 3/3
  1338 | D:2      | Reached XP level 4. HP: 34/34 MP: 4/4
  2620 | D:3      | Identified the +5 whip "Killer Bee's Curse" {holy, *Slow
                  | rN+ rCorr}
  2627 | D:3      | Noticed a water moccasin
  2633 | D:3      | Killed a water moccasin
  2634 | D:3      | Reached skill level 6 in Ranged Weapons
  2634 | D:3      | Reached XP level 5. HP: 39/39 MP: 5/5
  2827 | D:3      | Reached skill level 7 in Ranged Weapons
  2883 | D:3      | Reached XP level 6. HP: 37/46 MP: 6/6
  4044 | D:4      | Noticed Sigmund
  4044 | D:4      | Found a blossoming altar of Fedhas.
  4150 | D:4      | Killed Sigmund
  4151 | D:4      | Reached skill level 8 in Ranged Weapons
  4455 | D:4      | Reached XP level 7. HP: 35/51 MP: 7/7
  4799 | D:4      | Found a transporter.
  4804 | D:4      | Noticed mkat's ghost (amateur MfIE)
  5042 | D:4      | Found a stormy altar of Qazlal.
  5042 | D:4      | Found a shimmering altar of Xom.
  5320 | D:4      | Found a transporter.
  5366 | D:5      | Entered Level 5 of the Dungeon
  6734 | D:5      | Reached skill level 9 in Ranged Weapons
  6746 | D:5      | Found a shimmering blue altar of Sif Muna.
  6929 | D:5      | Found a staircase to the Ecumenical Temple.
  6942 | Temple   | Entered the Ecumenical Temple
  7109 | Temple   | Became a worshipper of Cheibriados the Contemplative
  7183 | D:5      | Reached XP level 8. HP: 57/57 MP: 8/8
  7568 | D:6      | Noticed Prince Ribbit
  7584 | D:5      | Killed Prince Ribbit
  7585 | D:5      | Reached skill level 10 in Ranged Weapons
  7934 | D:6      | HP: 1/57 [acid dragon (13)]
  7934 | D:6      | Slain by an acid dragon

Illustrated notes

Levels and vault maps discovered:
D:1:      lightli_arrival_farm, layout_loops_ring
D:2:      layout_rooms, minmay_ruptured
D:3:      layout_rooms, st_stairs_3, minmay_fractal_squares_diagonal_5
D:4:      layout_layer_cave, mainiacjoe_overflow_concentric_impassable,
          gammafunk_temple_overflow_pools, gammafunk_ghost_stat_death,
          minmay_misc_feat_square, uniq_sigmund
D:5:      layout_loops_ring, mainiacjoe_overflow_cross_hatched,
          minmay_temple_entry_wispy, gup_sewer_entry_glass
D:6:      layout_basic, uniq_prince_ribbit1
Temple:   bh_familiar_temple

Skill      XL: |  1  2  3  4  5  6  7  8 |
---------------+-------------------------+-----
Ranged Weapons | 5 6 7 8 9 10 | 10.5
Fighting       | |  2.4
Dodging        | |  2.1
Stealth        | |  0.8

Action                     |  1- 3 |  4- 6 |  7- 9 || total
---------------------------+-------+-------+-------++-------
   Fire: Shortbow          |    70 |   127 |   118 ||   315
Ability: Hop               |       |     1 |       ||     1
    Use: Scroll            |       |     7 |     2 ||     9
         Potion            |       |       |     2 ||     2
 Armour: Leather armour    |     3 |     7 |     9 ||    19
  Dodge: Dodged            |    11 |    33 |    28 ||    72
